Map: Deathaura LE

Players

A.I. 1 (Elite)

  • Race: Zerg Zerg
  • Spawn Location: 5:00

AsIBreathe - Winner!

  • Race: Protoss Protoss
  • League: Master
  • Spawn Location: 11:00

VOD

Have the link to the VOD?

Description

Time

  • Played on: Dec. 13, 2020, 10:32 p.m.
  • Length: 7:04
Show
View Real Time Build Order
Export as new Build Order

A.I. 1 (Elite) Zerg 

Build Orders: Pool First 

Get SALT Encoding   

  12  0:00  Drone  
  13  0:12  Overlord  
  13  0:16  Drone  
  14  0:30  Drone  
  15  0:39  Spawning Pool  
  15  0:40  Drone  
  15  0:45  Drone  
  15  0:49  Drone  
  17  0:52  Extractor  
  17  0:55  Drone  
  17  1:06  Drone  
  18  1:17  Drone  
  19  1:27  Queen  
  19  1:28  Zergling x2  
  19  1:29  Roach Warren  
  21  1:38  Overlord  
  21  1:49  Drone  
  22  1:59  Overlord  
  22  2:11  Roach  
  24  2:21  Roach  
  26  2:24  Hatchery  
  25  2:32  Drone  
  25  2:33  Roach  
  25  2:34  Roach  
  30  2:38  Roach  
  30  2:44  Roach  
  34  2:54  Overlord  
  34  2:56  Metabolic Boost  
  33  3:06  Zergling x4  
  33  3:07  Zergling x2  
  36  3:16  Zergling x2  
  37  3:27  Zergling x2  
  38  3:35  Queen  
  38  3:36  Zergling x2  
  38  3:40  Lair  
  41  3:59  Extractor  
  41  4:01  Drone  
  41  4:04  Drone  
  41  4:07  Drone  
  41  4:10  Drone  
  41  4:13  Drone  
  41  4:16  Drone  
  41  4:21  Drone  
  41  4:23  Drone  
  41  4:31  Roach, Drone  
  41  4:34  Drone  
  41  4:37  Drone  
  42  4:40  Hydralisk Den  
  42  4:42  Roach  
  42  4:44  Drone  
  41  4:49  Roach  
  41  4:50  Drone  
  44  4:55  Overlord  
  44  4:58  Drone  
  45  5:00  Drone  
  46  5:13  Hydralisk, Drone  
  49  5:16  Overlord  
  49  5:17  Infestation Pit  
  48  5:27  Extractor  
  47  5:30  Drone, Extractor  
  47  5:34  Drone  
  47  5:35  Overlord, Drone x4  
  51  5:39  Hydralisk  
  54  5:44  Hydralisk  
  56  5:52  Infestor  
  56  5:53  Hydralisk  
  56  5:54  Overlord, Drone  
  60  5:57  Drone  
  60  6:00  Roach  
  60  6:04  Hydralisk  
  60  6:07  Drone  
  60  6:09  Drone  
  64  6:11  Drone  
  64  6:13  Zergling x2  
  64  6:15  Zergling x2  
  64  6:18  Roach  
  61  6:21  Roach  
  61  6:23  Roach  
  61  6:27  Hydralisk  
  61  6:31  Hydralisk  
  59  6:34  Roach  
  55  6:43  Zergling x2  
Show
View Real Time Build Order
Export as new Build Order

AsIBreathe Protoss - Winner!

Build Orders: 1 Gate Expand 

Get SALT Encoding   

  12  0:00  Probe  
  13  0:12  Probe  
  14  0:17  Pylon  
  14  0:24  Probe (Chrono Boost)  
  15  0:36  Probe (Chrono Boost)  
  15  0:37  Gateway  
  16  0:44  Probe (Chrono Boost)  
  16  0:46  Assimilator  
  17  0:51  Probe  
  18  1:03  Probe  
  19  1:15  Probe  
  20  1:23  Nexus  
  20  1:34  Cybernetics Core  
  20  1:37  Probe  
  21  1:46  Assimilator  
  21  1:49  Probe  
  21  1:53  Pylon  
  22  2:01  Probe  
  23  2:08  Adept (Chrono Boost)  
  23  2:15  Probe  
  26  2:18  Stargate  
  26  2:24  Warp Gate  
  26  2:28  Probe (Chrono Boost)  
  27  2:31  Adept  
  27  2:35  Probe (Chrono Boost)  
  30  2:40  Probe (Chrono Boost)  
  32  2:45  Probe (Chrono Boost)  
  32  2:47  Probe (Chrono Boost)  
  32  2:50  Probe (Chrono Boost)  
  33  2:53  Probe  
  33  2:54  Void Ray (Chrono Boost)  
  35  3:03  Probe  
  40  3:05  Probe  
  41  3:15  Probe, Twilight Council  
  42  3:21  Probe  
  42  3:22  Gateway  
  42  3:25  Pylon  
  43  3:27  Probe  
  44  3:36  Probe  
  45  3:41  Probe  
  45  3:43  Adept  
  48  3:49  Probe  
  48  3:51  Charge (Chrono Boost), Nexus  
  49  3:56  Probe  
  49  4:01  Probe  
  51  4:03  Forge  
  51  4:08  Probe  
  52  4:11  Pylon  
  52  4:16  Probe  
  53  4:18  Gateway  
  53  4:21  Probe  
  54  4:24  Gateway  
  54  4:26  Protoss Ground Weapons Level 1 (Chrono Boost)  
  54  4:29  Probe  
  54  4:30  Pylon  
  55  4:37  Probe  
  56  4:41  Probe  
  56  4:42  Shield Battery, Gateway  
  57  4:49  Probe  
  58  4:54  Probe  
  58  4:57  Gateway  
  59  5:01  Probe  
  59  5:02  Zealot, Templar Archives  
  59  5:03  Zealot  
  59  5:06  Probe x2  
  66  5:13  Zealot  
  68  5:14  Probe, Pylon  
  68  5:18  Probe  
  68  5:21  Probe  
  71  5:24  Zealot  
  71  5:25  Zealot x2  
  71  5:27  Probe  
  78  5:30  Probe  
  78  5:33  Probe  
  80  5:36  Zealot  
  80  5:39  Probe  
  80  5:41  Zealot  
  86  5:42  Probe  
  86  5:44  Pylon  
  86  5:45  Probe, Zealot, Pylon  
  86  5:48  Zealot  
  91  5:50  Zealot  
  93  5:58  Assimilator  
  93  5:59  Assimilator  
  93  6:01  Pylon  
  93  6:02  Probe x3  
  96  6:13  Zealot x2, Assimilator  
  96  6:14  Probe  
  96  6:15  Probe x2  
  96  6:16  Assimilator  
  103  6:27  Probe x2  
  103  6:30  Zealot x4  
  111  6:41  Probe x2  
  111  6:45  Zealot x2  
  115  6:48  Pylon  
  115  6:50  Pylon  
Tags
 
Add a new tag
Caveats
  • Supply blocks, unpowered buildings, or Contaminate may cause inaccurate times.
  • Supply counts are checked every 10 seconds.